 Dungeon Crawl Stone Soup version 0.22-a0-284-g99d1f74 (webtiles) character file.

61401 seren the Carver (level 14, -20/106 HPs)
             Began as a Vampire Fighter on Mar 18, 2018.
             Was the Champion of Kikubaaqudgha.
             Demolished by a shambling mangrove (25 damage)
             ... while paralysed by a hornet
             ... on level 6 of the Lair of Beasts on Mar 21, 2018.
             The game lasted 02:19:29 (33132 turns).

seren the Carver (Vampire Fighter)                 Turns: 33132, Time: 02:19:31

Health: -20/106    AC: 17    Str: 17    XL:     14   Next: 60%
Magic:  0/29       EV:  2    Int: 13    God:    Kikubaaqudgha [******]
Gold:   1584       SH:  0    Dex: 17    Spells: 14/21 levels left

rFire    + . .     SeeInvis +   f - +0 long sword (flame)
rCold    + . .     Gourm    .   Y - +2 buckler
rNeg     + + +     Faith    .   A - +3 scale mail {rF+}
rPois    +         Spirit   +   D - +1 hat {MR+}
rElec    .         Reflect  .   T - scarf {Spirit}
rCorr    .         Harm     .   x - +0 pair of gloves
MR       +++++     Clarity  +   E - +1 pair of boots
Stlth    ++++......             X - amulet of the Four Winds {rN+ MR+++ Clar}
HPRegen  0.13/turn              C - ring of the Octopus King {MP+9 AC+1 EV+1 Str+1 Int+1 Dex+1}
MPRegen  0.21/turn              g - +5 ring of slaying

@: paralysed, lethally poisoned (-20 -> -50), grasped by roots, regenerating
slowly, very slow
A: fangs 3, see invisible, unbreathing
a: Bat Form, Receive Corpses, Torment, Renounce Religion


You were on level 6 of the Lair of Beasts.
You worshipped Kikubaaqudgha.
Kikubaaqudgha was exalted by your worship.
You were near bloodless.

You visited 4 branches of the dungeon, and saw 23 of its levels.
You also visited: Ossuary.

You collected 2528 gold pieces.
You spent 944 gold pieces at shops.

Inventory:

Hand Weapons
 a - a +2 long sword of freezing
 b - a +3 dagger of pain
 f - a +0 long sword of flaming (weapon)
 i - a +0 rapier of electrocution
Missiles
 v - 492 stones
 F - 4 throwing nets (quivered) {!f}
Armour
 x - a +0 pair of gloves (worn)
 A - a +3 scale mail of fire resistance (worn)
 D - a +1 hat of magic resistance (worn)
 E - a +1 pair of boots (worn)
 H - a +3 chain mail
 T - a scarf of spirit shield (worn)
 Y - a +2 buckler (worn)
Jewellery
 c - an uncursed amulet of faith {unknown}
 g - a +5 ring of slaying (right hand)
 m - an uncursed ring of resist corrosion
 s - an uncursed ring of poison resistance
 C - a ring of the Octopus King (left hand) {MP+9 AC+1 EV+1 Str+1 Int+1 Dex+1}
   (You bought it in a shop on level 5 of the Dungeon)

   [ring of magical power]

   It affects your AC (+1).
   It affects your evasion (+1).
   It affects your strength (+1).
   It affects your intelligence (+1).
   It affects your dexterity (+1).
   It affects your magic capacity (+9).
 X - the amulet of the Four Winds (around neck) {rN+ MR+++ Clar}
   (You found it on level 3 of the Lair of Beasts)

   [amulet of nothing]

   It protects you from negative energy.
   It affects your resistance to hostile enchantments.
   It protects you against confusion.
Wands
 d - a wand of polymorph (21)
 p - a wand of scattershot (10)
 y - a wand of random effects (60)
 B - a wand of paralysis (15)
 G - a wand of iceblast (3)
 L - a wand of digging (19)
 O - a wand of acid (8)
 P - a wand of clouds (10)
 R - a wand of enslavement (13)
Scrolls
 j - 4 scrolls of remove curse
 k - 5 scrolls of teleportation {!r}
 o - a scroll of brand weapon
 t - 4 scrolls of immolation
 J - a scroll of identify
 K - a scroll of enchant armour
 W - a scroll of fear
Potions
 e - 47 potions of blood
 h - 3 potions of heal wounds
 l - 12 potions of curing
 n - a potion of agility
 q - 5 potions of flight
 u - 3 potions of haste
 w - a potion of cancellation
 z - 5 potions of ambrosia
 I - 3 potions of resistance
 Z - a potion of might
Miscellaneous
 r - a phial of floods


   Skills:
 + Level 8.6 Fighting
 - Level 14.0 Long Blades
 + Level 9.3 Armour
 - Level 10.0 Dodging
 - Level 10.0 Stealth
 - Level 4.0 Shields
 - Level 4.0 Spellcasting
 - Level 3.0 Charms
 - Level 10.0 Necromancy
 - Level 7.0 Evocations


You had 14 spell levels left.
You knew the following spells:

 Your Spells              Type           Power        Failure   Level  Hunger
a - Animate Dead          Necr           N/A          10%         4    ####...
r - Regeneration          Chrm/Necr      ###.......   12%         3    ###....


Dungeon Overview and Level Annotations

Branches:
Dungeon (14/15)            Temple (1/1) D:6            Lair (6/6) D:11
 Shoals (0/4) Lair:2       Spider (0/4) Lair:4          Orc (2/2) D:9
    Elf (0/3) Orc:2
  Slime: Lair:5-6    Vaults: D:13-14

Altars:
Ashenzari
Cheibriados
Dithmenos
Elyvilon
Fedhas
Gozag
Hepliaklqana
Kikubaaqudgha
Makhleb
Nemelex Xobeh
Okawaru
Qazlal
Ru
Sif Muna
Trog
Uskayaw
Vehumet
Wu Jian
Xom
Yredelemnul
Zin
The Shining One

Shops:
D:5 *   D:10 %   Orc:2 [(=%*

Annotations:
D:12 exclusion: orc wizard, Nessos
D:13 exclusion: 3 meliai
Lair:2 Gastronok
Lair:5 exclusion: downstairs
Lair:6 exclusion: oklob plant


Innate Abilities, Weirdness & Mutations

You heal slowly.
You have razor-sharp teeth.
You have supernaturally acute eyesight. (SInv)
You can survive without breathing.


Message History

The hornet stings you.
* * * LOW HITPOINT WARNING * * *
The hornet stings you.
* * * LOW HITPOINT WARNING * * *
The hornet stings you but does no damage. x3
The shambling mangrove hits you.
* * * LOW HITPOINT WARNING * * *
You feel sick. The hornet stings you!
* * * LOW HITPOINT WARNING * * *
You are more poisoned.
The hornet stings you.
* * * LOW HITPOINT WARNING * * *
The hornet barely misses you. The hornet stings you!
* * * LOW HITPOINT WARNING * * *
The hornet stings you!
* * * LOW HITPOINT WARNING * * *
You are more poisoned.
The shambling mangrove hits you!!
You die...
Kikubaaqudgha rasps: "You have failed me!
Welcome... oblivion!"

##########
###........##
............##
.......#.....#
P...f##......#
...# ##....##
.# ##yf...#
##.y@y.##
###.....##
##.....###
##....###
##....##
#.#..## ##...#
###.### ##.P.#


You could see a shambling mangrove and 3 hornets.

Vanquished Creatures
  8 hydras
  Josephine (Orc:2)
  Erolcha (D:9)
  2 catoblepae
  2 two-headed ogres
  3 death yaks
  4 orc high priests (Orc:2)
  Nergalle (Lair:2)
  Pikel (D:5)
  A shambling mangrove (Lair:2)
  2 orc sorcerers
  2 manticores
  2 black mambas
  3 gargoyles
  A centaur skeleton (D:13)
  12 spiny frogs
  7 komodo dragons
  3 rime drakes
  3 trolls
  4 hornets (Lair:6)
  5 polar bears
  8 dream sheep (Lair:6)
  Prince Ribbit (D:8)
  6 hippogriffs
  Sigmund (D:6)
  5 wraiths
  62 yaks
  10 wyverns
  11 spriggans (Lair:6)
  2 basilisks
  A human (D:6)
  4 vampire mosquitoes
  5 hungry ghosts
  A soldier ant (D:13)
  3 wargs (Orc:2)
  5 water moccasins
  9 porcupines
  A slave (D:4)
  A swamp drake (D:10)
  18 orc warriors
  4 ice beasts
  3 phantoms
  6 black bears
  5 boggarts (Lair:6)
  A sky beast (D:10)
  A necrophage (D:8)
  11 ogres
  36 wolves
  7 crocodiles
  10 centaurs
  4 big kobolds
  2 elf zombies (Ossuary)
  18 bullfrogs
  2 wyvern skeletons (D:11)
  A scorpion (D:11)
  4 killer bees
  4 troll zombies (D:9)
  4 wights (D:12)
  3 howler monkeys
  An electric eel (Lair:1)
  5 crimson imps
  3 centaur zombies
  2 quasits
  A bullfrog zombie (D:12)
  A bullfrog skeleton (D:12)
  4 jellies
  33 orc priests
  2 hounds
  2 iguanas
  26 orc wizards
  12 worker ants
  4 hell rats
  A killer bee zombie (D:7)
  3 big kobold zombies (Ossuary)
  4 ogre zombies (D:9)
  2 mummies (Ossuary)
  A worker ant zombie (D:5)
  4 gnolls (D:8)
  12 adders
  2 river rats
  5 shadow imps
  An adder zombie (Ossuary)
  2 adder skeletons
  5 worms
  A dart slug (D:3)
  5 leopard geckos
  59 orcs
  2 ball pythons
  10 bats
  6 giant cockroaches
  6 goblins
  10 hobgoblins
  15 jackals
  14 kobolds
  3 quokkas
  11 frilled lizards
  2 goblin skeletons (D:9)
  4 goblin zombies
  4 hobgoblin skeletons (D:9)
  13 hobgoblin zombies
  A jackal zombie (Ossuary)
  A kobold skeleton (D:6)
  6 kobold zombies (Ossuary)
  A leopard gecko skeleton (D:3)
  A leopard gecko zombie (D:3)
  2 orc skeletons (D:9)
  21 orc zombies
  A quokka zombie (D:8)
  14 rats
  2 rat zombies (Ossuary)
  A bush (Lair:2)
  A butterfly (Lair:4)
  A fungus (Lair:4)
  5 plants (Lair:2)
709 creatures vanquished.

Vanquished Creatures (collateral kills)
  A torpor snail (Lair:5)
  A spiny frog (Lair:4)
  A rime drake (Lair:5)
  2 water moccasins
  2 wolves (Lair:6)
  A centaur (Lair:3)
  A crocodile (Lair:4)
  An orc wizard (Orc:2)
  5 river rats (Lair:4)
  A rat (Lair:4)
  A butterfly (Lair:4)
  A fungus (Lair:6)
18 creatures vanquished.

Vanquished Creatures (others)
  A spiny frog (Lair:6)
  An orc priest (D:6)
  8 fungi
  7 plants
17 creatures vanquished.

Grand Total: 744 creatures vanquished

Notes
Turn   | Place    | Note
-------+----------+-------------------------------------------
     0 | D:1      | seren the Vampire Fighter began the quest for the Orb.
     0 | D:1      | Reached XP level 1. HP: 17/17 MP: 1/1
   113 | D:1      | Reached XP level 2. HP: 17/23 MP: 2/2
   270 | D:1      | Reached skill level 1 in Dodging
   744 | D:2      | Reached XP level 3. HP: 27/28 MP: 3/3
  1154 | D:2      | Reached skill level 3 in Long Blades
  1423 | D:2      | Reached XP level 4. HP: 33/35 MP: 4/4
  2029 | D:3      | Reached XP level 5. HP: 41/41 MP: 5/5
  2448 | D:4      | Reached skill level 4 in Long Blades
  2587 | D:4      | Reached XP level 6. HP: 45/47 MP: 6/6
  2741 | D:4      | Found a sand-covered staircase.
  2746 | Ossuary  | Entered an ossuary
  3413 | Ossuary  | Reached skill level 5 in Long Blades
  3537 | Ossuary  | Reached XP level 7. HP: 38/54 MP: 7/7
  3868 | D:4      | Found a stormy altar of Qazlal.
  4205 | D:5      | Entered Level 5 of the Dungeon
  4500 | D:5      | Found Lemidaon's Assorted Antiques.
  4504 | D:5      | Bought a ring of the Octopus King for 115 gold pieces
  4504 | D:5      | Found the ring of the Octopus King
  4505 | D:5      | Identified a ring of the Octopus King {MP+9 AC+1 EV+1 Str+1 Int+1 Dex+1} (You bought it in a shop on level 5 of the Dungeon)
  4880 | D:5      | Noticed Pikel
  5085 | D:6      | Found a runed door.
  5085 | D:6      | Noticed a human
  5096 | D:6      | Reached skill level 6 in Long Blades
  5101 | D:6      | Found a basalt altar of Yredelemnul.
  5154 | D:5      | Reached skill level 1 in Evocations
  5639 | D:5      | Killed Pikel
  5639 | D:5      | Reached skill level 7 in Long Blades
  5639 | D:5      | Reached skill level 5 in Dodging
  5639 | D:5      | Reached XP level 8. HP: 60/60 MP: 9/9
  6410 | D:6      | Noticed Sigmund
  6703 | D:6      | Found a burning altar of Makhleb.
  6714 | D:6      | Reached skill level 8 in Long Blades
  6838 | D:6      | Killed Sigmund
  6838 | D:6      | Reached XP level 9. HP: 53/65 MP: 11/11
  7098 | D:6      | Found a staircase to the Ecumenical Temple.
  7102 | Temple   | Entered the Ecumenical Temple
  7134 | Temple   | Became a worshipper of Kikubaaqudgha
  7409 | D:7      | Found a radiant altar of Vehumet.
  7474 | D:7      | Noticed a two-headed ogre
  7499 | D:7      | Killed a two-headed ogre
  7499 | D:7      | Reached skill level 9 in Long Blades
  7928 | D:7      | Found a sacrificial altar of Ru.
  8020 | D:7      | Reached skill level 5 in Evocations
  8486 | D:8      | Reached skill level 10 in Long Blades
  8872 | D:8      | Noticed Prince Ribbit
  8883 | D:8      | Killed Prince Ribbit
  9325 | D:8      | Found an opulent altar of Gozag.
  9403 | D:8      | Reached XP level 10. HP: 49/73 MP: 14/14
  9416 | D:8      | Found an iron altar of Okawaru.
  9558 | D:8      | Found a shattered altar of Ashenzari.
  9571 | D:8      | Found a hide-covered altar of Uskayaw.
  9571 | D:8      | Found a stormy altar of Qazlal.
  9571 | D:8      | Found a white marble altar of Elyvilon.
  9576 | D:8      | Found a deep blue altar of Sif Muna.
 10796 | D:9      | Found a staircase to the Orcish Mines.
 10838 | D:9      | Reached * piety under Kikubaaqudgha
 10838 | D:9      | Identified Kikubaaqudgha's Guide on Stolen Souls (Kikubaaqudgha gifted it to you on level 9 of the Dungeon)
 10838 | D:9      | Received a gift from Kikubaaqudgha
 10859 | D:8      | Reached skill level 5 in Fighting
 10969 | D:9      | Reached skill level 5 in Armour
 11687 | D:9      | Learned a level 3 spell: Regeneration
 11848 | D:9      | Noticed Erolcha
 11854 | D:9      | Killed Erolcha
 11854 | D:9      | Reached skill level 11 in Long Blades
 11855 | D:9      | Reached ** piety under Kikubaaqudgha
 12025 | D:10     | Entered Level 10 of the Dungeon
 12786 | D:9      | Reached skill level 1 in Charms
 12786 | D:9      | Reached skill level 1 in Necromancy
 12792 | D:9      | Reached XP level 11. HP: 57/79 MP: 15/15
 13041 | D:10     | Reached skill level 1 in Spellcasting
 14031 | D:10     | Reached skill level 12 in Long Blades
 14128 | D:10     | Found Cinlod's Food Boutique.
 14262 | D:11     | Noticed a death yak
 15240 | D:11     | Reached *** piety under Kikubaaqudgha
 15240 | D:11     | Identified Kikubaaqudgha's Catalogue of Necromancy (Kikubaaqudgha gifted it to you on level 11 of the Dungeon)
 15240 | D:11     | Received a gift from Kikubaaqudgha
 15823 | D:11     | Reached skill level 1 in Stealth
 16210 | D:11     | Noticed a death yak
 16212 | D:11     | Noticed a death yak
 16213 | D:11     | Noticed a death yak
 16220 | D:11     | Noticed a death yak
 16276 | D:10     | Learned a level 4 spell: Animate Dead
 16636 | D:11     | Found a staircase to the Lair.
 16887 | D:11     | Reached skill level 5 in Necromancy
 17638 | D:12     | Noticed Nessos
 17731 | D:12     | Reached skill level 5 in Stealth
 17924 | D:12     | Found a shimmering altar of Xom.
 17960 | D:12     | Reached XP level 12. HP: 86/86 MP: 17/17
 18002 | D:12     | Noticed a two-headed ogre
 18012 | D:12     | Killed a two-headed ogre
 18690 | D:13     | Noticed a seven-headed hydra
 18704 | D:13     | Killed a seven-headed hydra
 18935 | D:13     | Reached **** piety under Kikubaaqudgha
 19107 | D:13     | Reached skill level 13 in Long Blades
 19564 | D:5      | Bought a glass wand for 92 gold pieces
 19564 | D:5      | Bought a scroll labeled ETIOVU LOCWI for 23 gold pieces
 19564 | D:5      | Upgraded the game from 0.22-a0-283-g1871b15 to 0.22-a0-284-g99d1f74
 19564 | D:5      | Bought a runed scarf for 184 gold pieces
 19918 | Lair:1   | Entered Level 1 of the Lair of Beasts
 21059 | Lair:2   | Found a staircase to the Shoals.
 21501 | Lair:2   | Found a shadowy altar of Dithmenos.
 21773 | Lair:2   | Noticed Gastronok
 22440 | Lair:2   | Noticed Nergalle
 22456 | Lair:2   | Killed Nergalle
 22911 | Lair:3   | Reached ***** piety under Kikubaaqudgha
 22911 | Lair:3   | Reached XP level 13. HP: 85/91 MP: 19/19
 23302 | Lair:3   | Found the amulet of the Four Winds {rN+ MR+++ Clar}
 23355 | Lair:3   | Found a white marble altar of Elyvilon.
 24205 | Lair:4   | Found a hole to the Spider Nest.
 24983 | Lair:5   | Reached skill level 14 in Long Blades
 26191 | Lair:5   | Reached skill level 10 in Dodging
 26287 | Lair:6   | Entered Level 6 of the Lair of Beasts
 27259 | Orc:1    | Entered Level 1 of the Orcish Mines
 27995 | Orc:2    | Entered Level 2 of the Orcish Mines
 27995 | Orc:2    | Found a staircase to the Elven Halls.
 29739 | Orc:2    | Found Icamuun's Weapon Emporium.
 29739 | Orc:2    | Found Xiufim's Food Shoppe.
 29745 | Orc:2    | Found Cazawewn's Armour Emporium.
 29799 | Orc:2    | Found Weujof's Jewellery Shoppe.
 29837 | Orc:2    | Noticed Josephine
 30282 | Orc:2    | Killed Josephine
 30296 | Orc:2    | Reached XP level 14. HP: 91/103 MP: 20/20
 30460 | Orc:2    | Bought a +0 helmet for 76 gold pieces
 30465 | Orc:2    | Bought a +0 pair of gloves for 76 gold pieces
 30639 | Orc:2    | Identified the Catalogue of Supportive Heat
 30717 | Orc:2    | Found Xuppec's Assorted Antiques.
 30954 | Orc:2    | Bought a glowing scale mail for 189 gold pieces
 30975 | Orc:2    | Bought a runed hat for 189 gold pieces
 31327 | Lair:5   | Reached ****** piety under Kikubaaqudgha
 31336 | Lair:5   | Identified a +3 dagger of pain (a +1 dagger of draining bloodied by Kikubaaqudgha)
 31336 | Lair:5   | Received a gift from Kikubaaqudgha
 32474 | Lair:6   | Reached skill level 10 in Stealth
 32859 | Lair:6   | Reached skill level 10 in Necromancy
 33129 | Lair:6   | Paralysed by a hornet for 3 turns
 33132 | Lair:6   | HP: 5/106 [hornet[a shambling mangrove] (6)]
 33132 | Lair:6   | Demolished by a shambling mangrove

Vault maps used:
D:1:      saegor_arrival_under_anarchy
D:2:      minmay_wonky_spiral, roderic_malta_cross, minmay_cupped
D:3:      first_ration
D:4:      enter_ossuary_2, nicolae_qazlal_eye_of_the_storm
D:5:      lemuel_ice_spiral_2, serial_shops, shop, uniq_pikel
D:6:      lemuel_round_altar, temple_hall_moat, bh_chokoban,
          dk_yredelemnul_ordeal, uniq_sigmund
D:7:      old_standard_altar, nicolae_ru_the_path_less_chosen
D:8:      lemuel_doored_altar, minitemple, grunt_ogre_cave, st_stairs_7,
          grunt_ministairs_2, uniq_prince_ribbit1
D:9:      zombieorc2_lemuel, uniq_erolcha
D:10:     serial_shops, shop, nicolae_lava_and_water
D:11:     dpeg_lair_monsters
D:12:     xom_teletrap_fun, uniq_nessos
D:13:     minmay_unpleasant_kobolds
D:14:     hangedman_vaults_entry_quadrant_bands, kennysheep_nub
Temple:   chequers_temple_sunken
Lair:1:   infiniplex_staircase_pool, grunt_megastairs_2
Lair:2:   minmay_shoals_entry_centaurs, wad_woods_06, lemuel_oklob_altar,
          uniq_gastronok, uniq_nergalle
Lair:3:   hangedman_lair_unloving_vines, lemuel_centaur_altar
Lair:4:   dummy_spider_entry, kennysheep_abandoned_house,
          infiniplex_staircase_pool_2, lemuel_fruit_fields
Lair:6:   minmay_lair_end_enchanted_forest, minmay_slime_entry_oklob_enclosed,
          grunt_megastairs_1
Orc:2:    st_orc_mages, serial_shops, nicolae_shop_behind_doors,
          guppyfry_library_mini, uniq_josephine
Ossuary:  ossuary_tomb_1

Skill      XL: |  1  2  3  4  5  6  7  8  9 10 11 12 13 14 |
---------------+-------------------------------------------+-----
Dodging        | 1 2 3 5 7 9 10 | 10.0
Fighting       | 3 4 5 7 8 |  8.6
Long Blades    | 3 4 5 7 8 10 11 12 13 14 | 14.0
Armour         | 3 4 5 6 8 9 |  9.3
Evocations     | 2 3 6 7 |  7.0
Charms         | 1 3 |  3.0
Necromancy     | 1 5 7 8 10 | 10.0
Spellcasting   | 3 4 |  4.0
Stealth        | 5 8 10 | 10.0
Shields        | 4 |  4.0

Action                   |  1- 3 |  4- 6 |  7- 9 | 10-12 | 13-15 || total
-------------------------+-------+-------+-------+-------+-------++-------
Melee: Long sword        |   127 |   299 |   350 |   908 |   614 ||  2298
       Bite              |    14 |    36 |    64 |   166 |   171 ||   451
       Falchion          |       |       |    49 |       |       ||    49
       Unarmed           |       |       |     2 |       |       ||     2
       Dagger            |       |       |       |       |   368 ||   368
Throw: Stone             |       |       |     9 |     1 |       ||    10
 Cast: Regeneration      |       |       |       |    18 |    30 ||    48
       Animate Dead      |       |       |       |       |    11 ||    11
Invok: Receive Corpses   |       |       |       |     1 |       ||     1
       Brand Weapon With |       |       |       |       |     1 ||     1
 Abil: End Transformatio |       |       |     1 |     3 |     1 ||     5
       Bat Form          |       |       |     1 |     3 |     1 ||     5
Evoke: Wand              |       |       |     8 |    27 |    26 ||    61
       Phial of floods   |       |       |       |     1 |       ||     1
  Use: Potion            |     1 |    12 |    12 |    31 |    23 ||    79
       Scroll            |     1 |     3 |     8 |    15 |     6 ||    33
 Stab: Paralysed         |       |       |    22 |    11 |       ||    33
       Sleeping          |       |       |       |    10 |     7 ||    17
       Distracted        |       |       |       |     4 |     3 ||     7
Armor: Scale mail        |    68 |    92 |   132 |    55 |   147 ||   494
       Ring mail         |       |       |       |   141 |    21 ||   162
       Chain mail        |       |       |       |       |    63 ||    63
Dodge: Dodged            |    88 |   171 |   231 |   574 |   401 ||  1465
Block: Buckler           |       |       |       |       |   207 ||   207
       Rpst.: Long sword |    38 |    47 |    44 |   180 |    74 ||   383
       Falchion          |       |       |     7 |       |       ||     7

Table legend:
 A = Spawn XP
 B = Non-spawn XP
 C = Spawn XP percentage of total XP
 D = Spawn monster count
 E = Non-spawn monster count
 F = Spawn count percentage of total count
 G = Total turns spent on level
                    A         B        C        D         E        F      G
               +---------+---------+-------+---------+---------+-------+---------
         Total |       0 |   87716 |   0.0 |       0 |     716 |   0.0 | 33132
               +---------+---------+-------+---------+---------+-------+---------
           D:1 |       0 |      40 |   0.0 |       0 |      25 |   0.0 |   865
           D:2 |       0 |     101 |   0.0 |       0 |      41 |   0.0 |  1032
           D:3 |       0 |     118 |   0.0 |       0 |      20 |   0.0 |   560
           D:4 |       0 |     377 |   0.0 |       0 |      15 |   0.0 |  1206
           D:5 |       0 |    1116 |   0.0 |       0 |      13 |   0.0 |  1812
           D:6 |       0 |     830 |   0.0 |       0 |      24 |   0.0 |   817
           D:7 |       0 |    1471 |   0.0 |       0 |      17 |   0.0 |  2610
           D:8 |       0 |    2697 |   0.0 |       0 |      32 |   0.0 |  1506
           D:9 |       0 |    3401 |   0.0 |       0 |      51 |   0.0 |  1517
          D:10 |       0 |    6636 |   0.0 |       0 |      38 |   0.0 |  3349
          D:11 |       0 |    4750 |   0.0 |       0 |      33 |   0.0 |  2046
          D:12 |       0 |    4952 |   0.0 |       0 |      35 |   0.0 |  1240
          D:13 |       0 |    3402 |   0.0 |       0 |      24 |   0.0 |  1016
          D:14 |       0 |     687 |   0.0 |       0 |       9 |   0.0 |   145
        Lair:1 |       0 |    4461 |   0.0 |       0 |      22 |   0.0 |  1719
        Lair:2 |       0 |    4968 |   0.0 |       0 |      20 |   0.0 |  1202
        Lair:3 |       0 |    6754 |   0.0 |       0 |      27 |   0.0 |  1353
        Lair:4 |       0 |    3110 |   0.0 |       0 |      30 |   0.0 |  1324
        Lair:5 |       0 |    8325 |   0.0 |       0 |      26 |   0.0 |  1610
        Lair:6 |       0 |   18414 |   0.0 |       0 |      79 |   0.0 |  1337
         Orc:1 |       0 |    1875 |   0.0 |       0 |      17 |   0.0 |  2249
         Orc:2 |       0 |    8839 |   0.0 |       0 |      79 |   0.0 |  1532
       Ossuary |       0 |     392 |   0.0 |       0 |      39 |   0.0 |   921
               +---------+---------+-------+---------+---------+-------+---------
